TOP OF THE 1ST |
Kansas City Royals batting - Pitching for Minnesota Twins : LHP Steve Trout
|
Pitching: LHP Steve Trout
|
|
Batting: RHB Rickey Henderson
|
0-0: Ball 1-0: DOUBLE (Line Drive, 9LM, EV 87.5 MPH)
|
Batting: LHB Gene Richards
|
0-0: Ball Rickey Henderson is caught stealing 3rd base 2-5 1-0: Foul Ball, location: 2F 1-1: Called Strike 1-2: Ball 2-2: Foul Ball, location: 2F 2-2: Ground out U3 (Groundball, 34, EV 89.4 MPH)
|
Batting: RHB Jeffrey Leonard
|
0-0: Ball 1-0: Foul Ball, location: 2F 1-1: Ground out 5-3 (Groundball, 56, EV 102.5 MPH)
|
Top of the 1st over - 0 runs, 1 hit, 0 errors, 0 left on base; Kansas City 0 - Minnesota 0 |
BOTTOM OF THE 1ST |
Minnesota Twins batting - Pitching for Kansas City Royals : LHP Britt Burns
|
Pitching: LHP Britt Burns
|
|
Batting: RHB Chet Lemon
|
0-0: Ball 1-0: Ball 2-0: Ball 3-0: Base on Balls
|
Batting: RHB Lee Lacy
|
0-0: Ground out 3-1 (Groundball, 23, EV 88.8 MPH) Chet Lemon to second
|
Batting: LHB Lloyd Moseby
|
0-0: Called Strike 0-1: Swinging Strike 0-2: Ball 1-2: Fly out, F7 (Flyball, 7D, EV 102.5 MPH)
|
Batting: RHB George Foster
|
0-0: Swinging Strike 0-1: Foul Ball, location: 2F 0-2: Ball 1-2: Foul Ball, location: 2F 1-2: Ball 2-2: Ball 3-2: Foul Ball, location: 2F 3-2: Strikes out swinging
|
Bottom of the 1st over - 0 runs, 0 hits, 0 errors, 1 left on base; Kansas City 0 - Minnesota 0 |
TOP OF THE 2ND |
Kansas City Royals batting - Pitching for Minnesota Twins : LHP Steve Trout
|
Batting: RHB Bob Horner
|
0-0: Ball 1-0: Fly out, F9 (Flyball, 9LD, EV 74.4 MPH)
|
Batting: RHB Gary Carter
|
0-0: Ball 1-0: Ground out 4-3 (Groundball, 13, EV 88.8 MPH)
|
Batting: LHB Brad Mills
|
0-0: Called Strike 0-1: Foul Ball, location: 2F 0-2: Ball 1-2: Ball 2-2: Foul Ball, location: 2F 2-2: Ball 3-2: Ground out U3 (Groundball, 34S, EV 89.4 MPH)
|
Top of the 2nd over - 0 runs, 0 hits, 0 errors, 0 left on base; Kansas City 0 - Minnesota 0 |
BOTTOM OF THE 2ND |
Minnesota Twins batting - Pitching for Kansas City Royals : LHP Britt Burns
|
Batting: RHB Aurelio Rodriguez
|
0-0: Foul Ball, location: 2F 0-1: Fly out, F9 (Flyball, 89M, EV 85.0 MPH)
|
Batting: LHB Kevin Christensen
|
0-0: SINGLE (Line Drive, 7LS, EV 106.9 MPH)
|
Batting: RHB Matt Cooper
|
0-0: Called Strike 0-1: Ball 1-1: Ball 2-1: Grounds into double play, 6-4-3 (Groundball, 6, EV 82.5 MPH)
|
Bottom of the 2nd over - 0 runs, 1 hit, 0 errors, 0 left on base; Kansas City 0 - Minnesota 0 |
TOP OF THE 3RD |
Kansas City Royals batting - Pitching for Minnesota Twins : LHP Steve Trout
|
Batting: RHB Charlie O'Brien
|
0-0: Ball 1-0: Foul Ball, location: 2F 1-1: Ball 2-1: Fly out, F8 (Line Drive, 8RM, EV 88.1 MPH)
|
Batting: RHB Eddie Gates
|
0-0: Called Strike 0-1: Ball 1-1: Ball 2-1: Ball 3-1: Foul Ball, location: 2F 3-2: Base on Balls
|
Batting: LHB Rick Manning
|
0-0: Ball 1-0: Ball 2-0: Foul Ball, location: 2F 2-1: Swinging Strike 2-2: SINGLE (Line Drive, 7LS, EV 98.8 MPH) Eddie Gates to second
|
Batting: RHB Rickey Henderson
|
0-0: Foul Ball, location: 2F 0-1: Ball 1-1: Ball 2-1: Grounds into double play, 6-4-3 (Groundball, 56, EV 100.6 MPH)
|
Top of the 3rd over - 0 runs, 1 hit, 0 errors, 1 left on base; Kansas City 0 - Minnesota 0 |
BOTTOM OF THE 3RD |
Minnesota Twins batting - Pitching for Kansas City Royals : LHP Britt Burns
|
Batting: LHB Ken Oberkfell
|
0-0: Ball 1-0: Fly out, F7 (Flyball, 7S, EV 90.6 MPH)
|
Batting: LHB Luis Alfaro
|
0-0: Foul Ball, location: 2F 0-1: Called Strike 0-2: Ground out 4-3 (Groundball, 4, EV 81.3 MPH)
|
Batting: RHB Chet Lemon
|
0-0: Called Strike 0-1: Reached on error, E7 (Flyball, 78S, EV 85.6 MPH)
|
Batting: RHB Lee Lacy
|
0-0: Called Strike 0-1: Called Strike 0-2: Ball 1-2: Foul Ball, location: 2F 1-2: Ball 2-2: SINGLE (Line Drive, 89S, EV 110.6 MPH) Chet Lemon to third Runner from 3rd tries for Home, SAFE, throw by RF to home
|
Batting: LHB Lloyd Moseby
|
0-0: Called Strike 0-1: DOUBLE (Groundball, 3L, EV 103.1 MPH) Lee Lacy to third Runner from 3rd tries for Home, SAFE, throw by RF to trailing runner, SAFE at third!
|
Batting: RHB George Foster
|
0-0: Ball 1-0: Ball 2-0: Called Strike 2-1: Foul Ball, location: 2F 2-2: Foul Ball, location: 2F 2-2: Ground out 5-3 (Groundball, 56, EV 91.3 MPH)
|
Bottom of the 3rd over - 2 runs, 2 hits, 1 error, 1 left on base; Kansas City 0 - Minnesota 2 |
TOP OF THE 4TH |
Kansas City Royals batting - Pitching for Minnesota Twins : LHP Steve Trout
|
Batting: LHB Gene Richards
|
0-0: Ball 1-0: Foul Ball, location: 2F 1-1: Ball 2-1: Ball 3-1: Ground out 6-3 (Groundball, 6, EV 103.8 MPH)
|
Batting: RHB Jeffrey Leonard
|
0-0: Ball 1-0: Called Strike 1-1: Fly out, F7 (Flyball, 78M, EV 98.1 MPH)
|
Batting: RHB Bob Horner
|
0-0: Called Strike 0-1: Ball 1-1: Foul Ball, location: 2F 1-2: Strikes out swinging
|
Top of the 4th over - 0 runs, 0 hits, 0 errors, 0 left on base; Kansas City 0 - Minnesota 2 |
BOTTOM OF THE 4TH |
Minnesota Twins batting - Pitching for Kansas City Royals : LHP Britt Burns
|
Batting: RHB Aurelio Rodriguez
|
0-0: Called Strike 0-1: Ball 1-1: Ball 2-1: Foul Ball, location: 2F 2-2: Ground out 4-3 (Groundball, 4, EV 78.1 MPH)
|
Batting: LHB Kevin Christensen
|
0-0: Ball 1-0: Called Strike 1-1: Ground out 4-3 (Groundball, 4, EV 103.8 MPH)
|
Batting: RHB Matt Cooper
|
0-0: Fly out, F8 (Flyball, 78M, EV 87.5 MPH)
|
Bottom of the 4th over - 0 runs, 0 hits, 0 errors, 0 left on base; Kansas City 0 - Minnesota 2 |
TOP OF THE 5TH |
Kansas City Royals batting - Pitching for Minnesota Twins : LHP Steve Trout
|
Pitching: LHP Randy Niemann
|
|
Batting: RHB Gary Carter
|
0-0: Fly out, F3 (Flyball, 3D, EV 85.6 MPH)
|
Batting: LHB Brad Mills
|
0-0: Ball 1-0: Called Strike 1-1: SINGLE (Line Drive, 34D, EV 97.5 MPH)
|
Batting: RHB Charlie O'Brien
|
0-0: Ball 1-0: Ball 2-0: SINGLE (Line Drive, 6MD, EV 93.8 MPH) Brad Mills to second Runner from 2nd tries for 3rd, SAFE, no throw by CF
|
Batting: RHB Eddie Gates
|
0-0: Ball 1-0: Called Strike 1-1: Ball 2-1: DOUBLE (Flyball, 78D, EV 100.6 MPH) Brad Mills scores Charlie O'Brien to third Runner from 3rd tries for Home, SAFE, no throw by CF
|
Batting: LHB Rick Manning
|
0-0: Ball Eddie Gates steals 3rd base 1-0: Ball 2-0: Foul Ball, location: 2F 2-1: Swinging Strike 2-2: SINGLE (Groundball, 56D, EV 102.5 MPH) Eddie Gates scores
|
Batting: RHB Rickey Henderson
|
0-0: Ball Rick Manning steals 2nd base 1-0: Ball 2-0: Ball 3-0: Base on Balls
|
Batting: LHB Gene Richards
|
0-0: Ball 1-0: Called Strike 1-1: Swinging Strike 1-2: Foul Ball, location: 2F 1-2: Ball 2-2: Ball 3-2: Fielders Choice at 2nd, 2-4 (Groundball, 15S, EV 73.1 MPH) Rick Manning to third
|
Batting: RHB Jeffrey Leonard
|
0-0: Ball 1-0: Swinging Strike 1-1: Foul Ball, location: 2F 1-2: Fly out, F9 (Flyball, 89S, EV 92.5 MPH)
|
Top of the 5th over - 3 runs, 4 hits, 0 errors, 2 left on base; Kansas City 3 - Minnesota 2 |
BOTTOM OF THE 5TH |
Minnesota Twins batting - Pitching for Kansas City Royals : LHP Britt Burns
|
Pitching: RHP Dan Petry
|
|
Batting: LHB Ken Oberkfell
|
0-0: Called Strike 0-1: Ground out 6-3 (Groundball, 4MD, EV 103.8 MPH)
|
Batting: LHB Luis Alfaro
|
0-0: Foul Ball, location: 2F 0-1: Ball 1-1: Ball 2-1: Ground out U3 (Groundball, 34S, EV 83.8 MPH)
|
Batting: RHB Chet Lemon
|
0-0: Ball 1-0: SOLO HOME RUN (Flyball, 7D, EV 110.0 MPH), Distance : 383 ft
|
Batting: RHB Lee Lacy
|
0-0: Foul Ball, location: 2F 0-1: Called Strike 0-2: Ball 1-2: Strikes out swinging
|
Bottom of the 5th over - 1 run, 1 hit, 0 errors, 0 left on base; Kansas City 3 - Minnesota 3 |
TOP OF THE 6TH |
Kansas City Royals batting - Pitching for Minnesota Twins : LHP Randy Niemann
|
Pitching: RHP Geoff Combe
|
|
Batting: RHB Bob Horner
|
0-0: Ground out 6-3 (Groundball, 6, EV 86.9 MPH)
|
Batting: RHB Gary Carter
|
0-0: Called Strike 0-1: Called Strike 0-2: Foul Ball, location: 2F 0-2: Strikes out swinging
|
Batting: LHB Brad Mills
|
0-0: Ball 1-0: Called Strike 1-1: SINGLE (Line Drive, 78M, EV 93.1 MPH)
|
Batting: RHB Charlie O'Brien
|
0-0: Called Strike 0-1: Called Strike 0-2: Ball 1-2: Fielders Choice at 2nd, 6-4 (Groundball, 6, EV 103.8 MPH)
|
Top of the 6th over - 0 runs, 1 hit, 0 errors, 1 left on base; Kansas City 3 - Minnesota 3 |
BOTTOM OF THE 6TH |
Minnesota Twins batting - Pitching for Kansas City Royals : RHP Dan Petry
|
Batting: LHB Lloyd Moseby
|
0-0: Called Strike 0-1: Called Strike 0-2: Ball 1-2: Fly out, F8 (Flyball, 8LXD, EV 110.0 MPH)
|
Batting: RHB George Foster
|
0-0: Called Strike 0-1: Called Strike 0-2: Ball 1-2: Fly out, F8 (Flyball, 8RXD, EV 100.0 MPH)
|
Batting: RHB Aurelio Rodriguez
|
0-0: Swinging Strike 0-1: Ball 1-1: Ball 2-1: SINGLE (Line Drive, 8RS, EV 88.8 MPH)
|
Batting: LHB Kevin Christensen
|
0-0: Called Strike 0-1: Ball 1-1: Ball 2-1: Swinging Strike 2-2: Ball Aurelio Rodriguez steals 2nd base 3-2: Fly out, F9 (Line Drive, 9, EV 88.1 MPH)
|
Bottom of the 6th over - 0 runs, 1 hit, 0 errors, 1 left on base; Kansas City 3 - Minnesota 3 |
TOP OF THE 7TH |
Kansas City Royals batting - Pitching for Minnesota Twins : RHP Geoff Combe
|
Batting: RHB Eddie Gates
|
0-0: Ball 1-0: Foul Ball, location: 2F 1-1: Ball 2-1: Ground out 6-3 (Groundball, 6, EV 82.5 MPH)
|
Batting: LHB Rick Manning
|
0-0: Called Strike 0-1: Ball 1-1: Ball 2-1: Called Strike 2-2: Strikes out swinging, 2-3 out at first.
|
Pinch Hitting: LHB Kerry Dineen
|
0-0: Ball 1-0: Foul Ball, location: 2F 1-1: Ground out 4-3 (Groundball, 4MS, EV 90.0 MPH)
|
Top of the 7th over - 0 runs, 0 hits, 0 errors, 0 left on base; Kansas City 3 - Minnesota 3 |
BOTTOM OF THE 7TH |
Minnesota Twins batting - Pitching for Kansas City Royals : RHP Dan Petry
|
Pitching: RHP Orel Hershiser
|
|
Now in CF: Kerry Dineen
|
|
Batting: RHB Matt Cooper
|
0-0: Called Strike 0-1: Foul Ball, location: 2F 0-2: DOUBLE (Line Drive, 7LM, EV 108.1 MPH)
|
Batting: LHB Ken Oberkfell
|
0-0: Fly out, F6 (Popup, 6D, EV 67.5 MPH)
|
Batting: LHB Luis Alfaro
|
0-0: Ball 1-0: Called Strike 1-1: Foul Ball, location: 2F 1-2: Ball 2-2: Foul Ball, location: 2F 2-2: Strikes out swinging
|
Pinch Hitting: RHB Larry Hisle
|
0-0: Ball 1-0: Foul Ball, location: 2F 1-1: Called Strike 1-2: Strikes out swinging
|
Bottom of the 7th over - 0 runs, 1 hit, 0 errors, 1 left on base; Kansas City 3 - Minnesota 3 |
TOP OF THE 8TH |
Kansas City Royals batting - Pitching for Minnesota Twins : RHP Geoff Combe
|
Pitching: RHP Stephen Fuller
|
|
Now in CF: Larry Hisle
|
|
Pinch Hitting: LHB Jim Eisenreich
|
0-0: Called Strike 0-1: Swinging Strike 0-2: Ball 1-2: Ball 2-2: Ball 3-2: Foul Ball, location: 2F 3-2: Fly out, F5 (Flyball, 5D, EV 86.3 MPH)
|
Pinch Hitting: RHB Adrian Monrreal
|
0-0: Called Strike 0-1: Swinging Strike 0-2: Ball 1-2: SINGLE (Line Drive, 6D, EV 104.4 MPH)
|
Batting: LHB Alvin Davis
|
0-0: Ball 1-0: Foul Ball, location: 2F 1-1: Ball 2-1: DOUBLE (Line Drive, 5D, EV 98.1 MPH) Adrian Monrreal to third Runner from 3rd tries for Home, SAFE, no throw by LF
|
Pinch Hitting: RHB Al Minker
|
0-0: Ball 1-0: Foul Ball, location: 2F 1-1: Foul Ball, location: 2F 1-2: Foul Ball, location: 2F 1-2: Ground out 5-3 (Groundball, 56S, EV 80.6 MPH)
|
Pinch Hitting: RHB Alberto Gonzalez
|
0-0: Swinging Strike 0-1: Ball 1-1: Called Strike 1-2: Ball 2-2: Ball 3-2: Strikes out swinging
|
Top of the 8th over - 1 run, 2 hits, 0 errors, 1 left on base; Kansas City 4 - Minnesota 3 |
BOTTOM OF THE 8TH |
Minnesota Twins batting - Pitching for Kansas City Royals : RHP Orel Hershiser
|
Now at 1B: Lloyd McClendon
|
|
Now at 2B: Alberto Gonzalez
|
|
Now in LF: Jim Eisenreich
|
|
Now in RF: Al Minker
|
|
Pinch Hitting: RHB Ed Jurak
|
0-0: Called Strike 0-1: Foul Ball, location: 2F 0-2: Ball 1-2: Strikes out swinging
|
Pinch Hitting: LHB Eloy Escobedo
|
0-0: Called Strike 0-1: Ball 1-1: Ball 2-1: Foul Ball, location: 2F 2-2: Foul Ball, location: 2F 2-2: Ball 3-2: Fly out, F7 (Flyball, 7S, EV 77.5 MPH)
|
Pinch Hitting: RHB Brook Jacoby
|
0-0: Ball 1-0: Swinging Strike 1-1: Ball 2-1: Ball 3-1: Ground out 6-3 (Groundball, 6, EV 83.1 MPH)
|
Bottom of the 8th over - 0 runs, 0 hits, 0 errors, 0 left on base; Kansas City 4 - Minnesota 3 |
TOP OF THE 9TH |
Kansas City Royals batting - Pitching for Minnesota Twins : RHP Stephen Fuller
|
Now at 2B: Ed Jurak
|
|
Now in LF: Brook Jacoby
|
|
Now in RF: Eloy Escobedo
|
|
Pinch Hitting: LHB Charles Ross
|
0-0: Ground out 4-3 (Groundball, 4, EV 100.6 MPH)
|
Pinch Hitting: RHB Cesare Pierpaoli
|
0-0: Called Strike 0-1: Foul Ball, location: 2F 0-2: Foul Ball, location: 2F 0-2: Ground out 6-3 (Groundball, 6, EV 96.9 MPH)
|
Batting: LHB Rick Manning
|
0-0: Ground out 4-3 (Groundball, 4, EV 87.5 MPH)
|
Top of the 9th over - 0 runs, 0 hits, 0 errors, 0 left on base; Kansas City 4 - Minnesota 3 |
BOTTOM OF THE 9TH |
Minnesota Twins batting - Pitching for Kansas City Royals : RHP Orel Hershiser
|
Pitching: RHP Sandy Wihtol
|
|
Now at C: Charles Ross
|
|
Now at 3B: Cesare Pierpaoli
|
|
Pinch Hitting: RHB Josh Lynn
|
0-0: Ball 1-0: Foul Ball, location: 2F 1-1: Ground out 6-3 (Groundball, 6M, EV 106.3 MPH)
|
Batting: RHB Randy Edwards
|
0-0: Swinging Strike 0-1: DOUBLE (Line Drive, 78M, EV 112.5 MPH)
|
Pinch Hitting: RHB Tom Brown
|
0-0: Called Strike 0-1: Ball 1-1: Fly out, F7 (Line Drive, 7, EV 93.8 MPH)
|
Pinch Hitting: RHB Taylor Duncan
|
0-0: Ball 1-0: Ball 2-0: Called Strike 2-1: Swinging Strike 2-2: Ground out 6-3 (Groundball, 6D, EV 104.4 MPH)
|
Bottom of the 9th over - 0 runs, 1 hit, 0 errors, 1 left on base; Kansas City 4 - Minnesota 3 |
|